 Dungeon Crawl Stone Soup version 0.27.1-33-g824d729ab1 (webtiles) character file.

Game seed: 1298296947933407922

5731 belegose the Fighter (level 10, -19/99 HPs)
             Began as an Ogre Arcane Marksman on Dec 8, 2021.
             Was a Believer of Hepliaklqana.
             Demolished by Urug (21 damage)
             ... on level 10 of the Dungeon.
             The game lasted 00:22:32 (13539 turns).

belegose the Fighter (Ogre Arcane Marksman)        Turns: 13539, Time: 00:22:33

Health: -19/99     AC:  4    Str: 22    XL:     10   Next: 77%
Magic:  15/15      EV:  9    Int: 17    God:    Hepliaklqana [**....]
Gold:   396        SH:  0    Dex:  9    Spells: 12/13 levels left

rFire    . . .     SeeInvis .   s - +3 quarterstaff (chaos)
rCold    . . .     Faith    .   (shield currently unavailable)
rNeg     . . .     Spirit   .   a - +0 robe
rPois    .         Reflect  .   y - +0 hat
rElec    .         Harm     .   t - +0 cloak
rCorr    .         Rampage  .   (gloves unavailable)
Will     +....                  (boots unavailable)
Stlth    +.........             E - amulet of magic regeneration
HPRegen  0.26/turn              d - +6 ring of strength
MPRegen  0.39/turn              (no ring)

@: no status effects
A: reduced essence, large, unfitting armour, tough skin 1
a: Renounce Religion, Recall Ancestor, Ancestor Identity


You were on level 10 of the Dungeon.
You worshipped Hepliaklqana.
Hepliaklqana was pleased with you.
You visited 2 branches of the dungeon, and saw 11 of its levels.

You collected 396 gold pieces.

Inventory:

Hand Weapons
 j - a +0 quarterstaff of draining
 s - a +3 quarterstaff of chaos (weapon)
 I - a +4 spear
Missiles
 b - 5 large rocks
 c - 2 throwing nets
 e - 289 stones
 k - 19 poisoned darts (quivered)
 J - 2 javelins
 K - 4 boomerangs
Armour
 a - a +0 robe (worn)
 t - a +0 cloak (worn)
 y - a +0 hat (worn)
Jewellery
 d - a +6 ring of strength (left hand)
 E - an amulet of magic regeneration (around neck)
Wands
 D - a wand of polymorph (6)
 O - a wand of digging (5)
Scrolls
 f - 6 scrolls of identify {unknown}
 g - a scroll of silence {unknown}
 h - 3 scrolls of enchant weapon {unknown}
 i - a scroll of summoning
 n - a scroll of amnesia {unknown}
 p - 2 scrolls of fog {unknown}
 q - a scroll of holy word {unknown}
 u - a scroll of noise {unknown}
 v - 3 scrolls of acquirement {unknown}
 z - a scroll of blinking {unknown}
 C - a scroll of magic mapping {unknown}
 G - 2 scrolls of fear {unknown}
 M - a scroll of teleportation {unknown}
Potions
 l - 2 potions of magic {unknown}
 m - 2 potions of heal wounds
 o - 5 potions of resistance {unknown}
 r - a potion of degeneration {unknown}
 w - a potion of ambrosia {unknown}
 x - 2 potions of curing {unknown}
 A - a potion of lignification {unknown}
 B - a potion of might {unknown}
 F - a potion of brilliance {unknown}
 H - a potion of berserk rage {unknown}
 N - a potion of haste {unknown}
Miscellaneous
 L - a tin of tremorstones (2/2)


   Skills:
 + Level 10.0 Fighting
 - Level 7.2 Staves
 + Level 7.8 Throwing
 - Level 1.7 Dodging
 + Level 2.0 Spellcasting
 - Level 2.6 Hexes
 + Level 7.5 Invocations
 + Level 4.4 Evocations


You had 12 spell levels left.
You knew the following spells:

 Your Spells              Type           Power      Damage    Failure   Level
a - Corona                Hex            11%        N/A       6%          1

Your spell library contained the following spells:

 Spells                   Type           Power      Damage    Failure   Level
 Slow                     Hex            10%        N/A       10%         2
 Confusing Touch          Hex            10%        N/A       19%         3
 Inner Flame              Hex/Fire       6%         N/A       32%         3
 Portal Projectile        Hex/Tloc       12%        N/A       32%         3
 Cause Fear               Hex            5%         N/A       54%         4
 Yara's Violent Unravell  Hex/Tmut       3%         3d4       97%         5


Dungeon Overview and Level Annotations

Branches:
Dungeon (10/15)            Temple (1/1) D:7            Lair (0/6) D:9
    Orc: D:9-12

Altars:
Dithmenos
Hepliaklqana
Kikubaaqudgha
Nemelex Xobeh
Qazlal
Sif Muna
Uskayaw
Vehumet
Wu Jian
Yredelemnul
Zin

Shops:
D:5 *

Annotations:
D:3 3 runed translucent doors, exclusion: 3 doors, Fractals's ghost, amateur DsFi
D:9 2 transporters, JonathMagnus's ghost, novice DrSu
D:10 Urug


Innate Abilities, Weirdness & Mutations

Your life essence is reduced to manifest your ancestor. (-10% HP)
You are too large for most types of armour.
You have tough skin. (AC +1)


Message History

Unknown command.
Throw: 20 darts (poison)
Press: ? - help, Q - select action, (/) - cycle Shift-Dir - straight line, f/p - Urug
Aim: Urug, wielding a +6 scimitar of freezing, wearing a +0 chain mail and quivering javelins (heavily wounded, confused, very poisoned, lightly drained, ally target, 81% to hit)
You throw a poisoned dart. The poisoned dart hits Urug!
Urug looks as sick as possible!
Urug is heavily wounded.
Yayatum barely misses Urug.
Unknown command.
A wyvern comes into view.
The wyvern hisses angrily.
Unknown command.
Yayatum points at Urug and mumbles some strange words.
Urug easily resists.
Unknown command.
Urug hits Yayatum with a +6 scimitar of freezing!
Urug freezes Yayatum.
Yayatum is destroyed!
Unknown command.
You thump Urug!
Space bends around Urug.
Urug is severely wounded.
Urug seems less confused.
Urug hits you with a +6 scimitar of freezing!!
Urug freezes you. The wyvern barely misses you.
Unknown command.
You hit Urug.
Urug looks as sick as possible!
Urug is severely wounded.
The wyvern bites you!
Urug drinks a potion.
Urug is healed!
Unknown command.
The wyvern bites you!
* * * LOW HITPOINT WARNING * * *
The wyvern bites you.
* * * LOW HITPOINT WARNING * * *
You see here 3 poisoned darts.
There is a stone staircase leading up here.
The wyvern bites you but does no damage.
The wyvern bites you!!
* * * LOW HITPOINT WARNING * * *
Urug hits you with a +6 scimitar of freezing!!
You die...

.#.#....
#.......
#...... #.....#
..... #.#.#
##.#.####.# ≈
#..@.....># ≈≈≈
#.ol.####.#
.....#....#
#(....#
....(..........
....###........
#....
.......... ....
.......#### ...
##..##.#


You could see Urug (very poisoned, drained) and a wyvern.

Vanquished Creatures
  A troll (D:10)
  A wraith (D:9)
  2 wyverns
  8 yaks
  Eustachio (D:5)
  A water moccasin (D:9)
  2 ice beasts
  2 ogres (D:5)
  A centaur (D:5)
  2 scorpions
  2 bullfrogs
  2 water moccasin skeletons
  4 killer bees
  3 wights (D:8)
  A howler monkey (D:6)
  A centaur zombie (D:9)
  4 orc priests
  A gnoll shaman (D:6)
  3 hounds
  3 jellies
  Crazy Yiuf (D:3)
  A bullfrog skeleton (D:7)
  2 iguanas (D:5)
  A hexer (D:10)
  6 orc wizards
  A hound skeleton (D:4)
  4 gnolls (D:6)
  A howler monkey skeleton (D:7)
  5 adders
  2 white imps
  An ufetubus (D:5)
  An adder zombie (D:3)
  An adder skeleton (D:4)
  A worm (D:4)
  3 dart slugs
  27 orcs
  6 ball pythons
  5 endoplasms
  4 giant cockroaches
  6 goblins
  9 hobgoblins
  3 jackals (D:3)
  2 quokkas
  8 bats
  2 frilled lizards
  8 kobolds
  A quokka zombie (D:3)
  5 rats
162 creatures vanquished.

Vanquished Creatures (collateral kills)
  A komodo dragon (D:9)
  4 yaks (D:8)
  A steam dragon (D:9)
  3 water moccasins (D:8)
  A necrophage (D:6)
  A bullfrog (D:9)
  A water moccasin skeleton (D:7)
  4 killer bees
  A jelly (D:8)
  A howler monkey (D:9)
  A centaur zombie (D:8)
  An orc priest (D:10)
  An iguana (D:7)
  An orc wizard (D:10)
  A gnoll (D:6)
23 creatures vanquished.

Vanquished Creatures (others)
  2 hexers (D:9)
  An ancestor (D:6)
  A demonic plant (D:3)
  50 fungi (D:9)
  58 plants (D:9)
112 creatures vanquished.

Grand Total: 297 creatures vanquished

Notes
Turn   | Place    | Note
-------+----------+-------------------------------------------
     0 | D:1      | belegose the Ogre Arcane Marksman began the quest for the
                  | Orb.
     0 | D:1      | Reached XP level 1. HP: 19/19 MP: 2/2
   667 | D:1      | Reached skill level 2 in Fighting
   694 | D:1      | Reached XP level 2. HP: 23/28 MP: 3/3
  1408 | D:2      | Reached XP level 3. HP: 36/36 MP: 4/4
  1500 | D:2      | Reached skill level 1 in Staves
  1908 | D:2      | Reached skill level 3 in Fighting
  2269 | D:3      | Found a faded altar of an unknown god.
  2378 | D:3      | Reached XP level 4. HP: 43/45 MP: 5/5
  2430 | D:3      | Found an ancient bone altar of Kikubaaqudgha.
  2527 | D:3      | Found a shadowy altar of Dithmenos.
  2946 | D:3      | Found a runed translucent door.
  2947 | D:3      | Noticed Crazy Yiuf
  2964 | D:3      | Killed Crazy Yiuf
  3167 | D:3      | Found a runed translucent gate.
  3167 | D:3      | Found a runed translucent gate.
  3167 | D:3      | Found a runed translucent gate.
  3167 | D:3      | Noticed Fractals's ghost (amateur DsFi)
  3169 | D:3      | Found a basalt altar of Yredelemnul.
  3190 | D:3      | Reached XP level 5. HP: 47/54 MP: 6/6
  3453 | D:3      | Found an ornate altar of the Wu Jian Council.
  3453 | D:3      | Found a radiant altar of Vehumet.
  3461 | D:3      | Found a shimmering blue altar of Sif Muna.
  3463 | D:3      | Found a hide-covered altar of Uskayaw.
  3465 | D:3      | Found a hazy altar of Hepliaklqana.
  3485 | D:3      | Became a worshipper of Hepliaklqana the Forgotten
  3687 | D:3      | Reached skill level 4 in Fighting
  3866 | D:4      | Reached skill level 1 in Invocations
  4089 | D:4      | Reached XP level 6. HP: 33/63 MP: 7/7
  5084 | D:5      | Entered Level 5 of the Dungeon
  5197 | D:5      | Reached skill level 5 in Fighting
  5222 | D:5      | Noticed an ice beast
  5234 | D:5      | Killed an ice beast
  5235 | D:5      | Reached XP level 7. HP: 69/72 MP: 4/9
  5897 | D:5      | Noticed Eustachio
  5943 | D:5      | Killed Eustachio
  5944 | D:5      | Reached skill level 6 in Fighting
  6092 | D:5      | Reached XP level 8. HP: 73/83 MP: 10/10
  6168 | D:5      | Reached skill level 5 in Throwing
  6253 | D:5      | Reached * piety under Hepliaklqana
  6270 | D:5      | Found Zin's Purification Station.
  6273 | D:5      | Found a glowing silver altar of Zin.
  7574 | D:7      | Reached skill level 7 in Fighting
  7685 | D:7      | Reached skill level 5 in Staves
  7690 | D:7      | Reached skill level 1 in Evocations
  7909 | D:7      | Noticed a wyvern
  7923 | D:7      | Killed a wyvern
  7924 | D:7      | Reached skill level 5 in Invocations
  7924 | D:7      | Reached XP level 9. HP: 73/83 MP: 12/12
  8285 | D:7      | Reached ** piety under Hepliaklqana
  8310 | D:7      | Found a staircase to the Ecumenical Temple.
  8320 | Temple   | Entered the Ecumenical Temple
  8323 | D:7      | Remembered your ancestor Yayatum as a hexer
  9386 | D:8      | Reached skill level 8 in Fighting
 10898 | D:9      | Reached XP level 10. HP: 92/95 MP: 14/14
 10969 | D:9      | Reached skill level 9 in Fighting
 11879 | D:9      | Noticed JonathMagnus's ghost (novice DrSu)
 11880 | D:9      | Found a transporter.
 11880 | D:9      | Found a transporter.
 11880 | D:9      | Noticed a two-headed ogre
 11881 | D:9      | Noticed a two-headed ogre
 12418 | D:9      | Found a staircase to the Lair.
 13026 | D:10     | Entered Level 10 of the Dungeon
 13257 | D:10     | Noticed Urug
 13276 | D:9      | Reached skill level 10 in Fighting
 13539 | D:10     | HP: 2/99 [wyvern (18)]
 13539 | D:10     | Demolished by Urug

Illustrated notes

Levels and vault maps discovered:
D:1:      dpeg_arrival_triangle_fractal, layout_basic, dk_noncrumbling_4
D:2:      layout_basic
D:3:      layout_basic, mainiacjoe_overflow_surrounded_room,
          overflow_temple_1_default, nicolae_yredelemnul_ghost_church,
          chequers_temple_overflow_minitemple, shapermc_ecumenical_altar_gd,
          guppyfry_early_orc_mine, uniq_crazy_yiuf_cottage
D:4:      layout_basic, minmay_misc_feat_ornament
D:5:      layout_basic, zin_purify, uniq_eustachio
D:6:      layout_loops_ring
D:7:      layout_rooms, temple_statues, grunt_decor_mini_mirrors
D:8:      layout_basic
D:9:      layout_small_grid, due_lair_maze_entry_diamond, gammafunk_ghost_smash
D:10:     layout_basic, mainiacjoe_overflow_paths, david_orc_2,
          hellmonk_guarded_unrand_frostbite, uniq_urug
Temple:   hc_temple_tempest_star

Skill      XL: |  1  2  3  4  5  6  7  8  9 10 |
---------------+-------------------------------+-----
Fighting       | 2 3 4 5 6 7 8 10 | 10.0
Staves         | 1 2 3 4 5 6 7 |  7.2
Throwing       | 3 4 5 7 |  7.8
Invocations    | 1 2 3 5 6 7 |  7.5
Evocations     | 1 3 4 |  4.4
Spellcasting   | 2 |  2.0
Dodging        | |  1.7
Hexes          | |  2.6

Action                   |  1- 3 |  4- 6 |  7- 9 | 10-12 || total
-------------------------+-------+-------+-------+-------++-------
Melee: Unarmed           |    34 |       |       |       ||    34
       Dagger            |     7 |       |       |       ||     7
       Quarterstaff      |    98 |   156 |   232 |    94 ||   580
Throw: Stone             |     3 |       |     5 |       ||     8
       Dart              |       |     5 |     7 |    20 ||    32
       Large rock        |       |       |     3 |     3 ||     6
 Cast: Corona            |       |     2 |     1 |       ||     3
Invok: Recall Ancestor   |       |       |     2 |     2 ||     4
       Ancestor Life: He |       |       |     1 |       ||     1
  Use: Potion            |       |       |       |     1 ||     1
 Stab: Distracted        |       |       |     2 |     4 ||     6
       Confused          |       |       |     3 |     1 ||     4
Armor: Robe              |    58 |    57 |    68 |    18 ||   201
Dodge: Dodged            |    79 |    62 |   123 |    40 ||   304
